AoeStats
← [TAIDA] WH

Arena

510360918Analyzed
3v3 RM · 2d ago on Sep 30, 2026· 41m 5s· 6 players
Game mode
Random Map
Map size
Normal (6 player)
Population
200
Speed
Normal
Resources
Standard
Victory
Conquest
Starting age
Dark Age
Ending age
Imperial Age
RankedLock teamsTeams togetherTeam positionsShared explorationLock speedFull tech treeHidden civsTurbo modeCheats
Victory
Defeat
🇦🇷 Khmer · Argentina
1385
+15
🇹🇼 Mongols · Taiwan
1359
+17
🇹🇼 Saxons · Taiwan
1303
+19
🇨🇦 Slavs · Canada
1428
-19
🇫🇷 Byzantines · France
1344
-16
🇫🇷 Saxons · France
1339
-16
[TAIDA]= =
10:41 Feudal Age
13:45 Castle Age
11:31 Double-Bit Axe
14:45 Bow Saw
14:28 Horse Collar
14:38 Town Watch
15:31 Wheelbarrow
17:51 Loom
21:32 Loom
22:02 Hand Cart
22:50 Heavy Plow
22:44 Gold Mining
23:18 Stone Mining
27:45 Imperial Age
29:36 Chemistry
28:50 Scale Barding Armor
28:56 Forging
28:48 Husbandry
28:58 Bloodlines
29:56 Chain Barding Armor
28:58 Elite Battle Elephant
30:32 Conscription
30:58 Double Crossbow
31:15 Heavy Scorpion
33:11 Plate Barding Armor
33:31 Ballistics
33:16 Siege Engineers
34:59 Iron Casting
36:02 Town Patrol
37:05 Blast Furnace
36:07 Tusk Swords
36:21 Masonry
36:36 Murder Holes
37:20 Hoardings
37:44 Light Cavalry
38:28 Hussar
[OPP]COSMO
9:55 Feudal Age
11:40 Double-Bit Axe
14:29 Castle Age
12:23 Horse Collar
14:28 Stone Mining
15:07 Loom
15:52 Bow Saw
21:38 Gold Mining
23:45 Town Watch
25:05 Wheelbarrow
24:41 Fletching
25:40 Heavy Plow
26:54 Hand Cart
31:06 Imperial Age
29:19 Bodkin Arrow
29:48 Squires
30:34 Thumb Ring
30:30 Padded Archer Armor
31:37 Leather Archer Armor
32:05 Gold Shaft Mining
31:25 Cranequins
34:14 Ballistics
34:34 Guilds
35:23 Hoardings
34:49 Bracer
35:44 Heavy Mounted Crossbowman
38:00 Bloodlines
37:50 Husbandry
38:50 Scale Mail Armor
39:56 Chemistry
39:08 Elite Varangian Guard
40:19 Ring Archer Armor
40:00 Forging
41:20 Chain Mail Armor
40:30 Shield Wall
[TAIDA] WH
9:42 Feudal Age
13:42 Castle Age
11:58 Double-Bit Axe
12:29 Horse Collar
15:13 Bow Saw
15:10 Town Watch
23:53 Gold Mining
24:34 Heavy Plow
29:07 Imperial Age
26:53 Scale Barding Armor
27:58 Chain Barding Armor
28:10 Forging
28:23 Bloodlines
29:15 Elite Steppe Lancer
31:18 Iron Casting
31:09 Loom
32:01 Wheelbarrow
33:55 Capped Ram
34:36 Fletching
35:05 Siege Ram
36:12 Drill
36:46 Bodkin Arrow
36:17 Heavy Scorpion
Balgrudor
10:46 Feudal Age
14:28 Castle Age
12:49 Double-Bit Axe
13:10 Horse Collar
14:35 Loom
15:29 Bow Saw
23:14 Wheelbarrow
24:30 Gold Mining
26:38 Hand Cart
29:35 Imperial Age
27:25 Hand Cart
27:23 Fletching
27:34 Padded Archer Armor
29:11 Heavy Plow
29:48 Gold Shaft Mining
29:32 Fortified Wall
29:22 Bodkin Arrow
29:43 Leather Archer Armor
29:45 Elite Skirmisher
30:27 Bracer
31:49 Chemistry
31:11 Ballistics
31:38 Thumb Ring
32:04 Ring Archer Armor
31:17 Pikeman
32:15 Squires
32:17 Scale Mail Armor
32:27 Forging
33:16 Hoardings
33:02 Conscription
32:27 Halberdier
33:18 Forging
33:51 Chain Mail Armor
35:03 Iron Casting
35:46 Plate Mail Armor
37:13 Stone Mining
39:45 Arson
renardoracle12
9:24 Feudal Age
10:00 Double-Bit Axe
12:37 Horse Collar
17:48 Castle Age
15:35 Loom
17:16 Wheelbarrow
19:54 Gold Mining
19:55 Stone Mining
20:19 Bow Saw
26:53 Gold Shaft Mining
31:20 Imperial Age
28:54 Arson
29:13 Scale Mail Armor
29:24 Forging
30:17 Chain Mail Armor
30:10 Heavy Plow
32:09 Iron Casting
32:24 Elite Varangian Guard
34:52 Plate Mail Armor
35:05 Pikeman
Kefko2112
11:00 Feudal Age
12:05 Double-Bit Axe
14:56 Castle Age
15:49 Horse Collar
17:41 Stone Mining
17:41 Gold Mining
22:45 Wheelbarrow
23:37 Bow Saw
25:13 Hand Cart
27:17 Heavy Plow
30:17 Imperial Age
28:00 Forging
27:51 Scale Mail Armor
27:13 Man-at-Arms
28:23 Long Swordsman
30:03 Iron Casting
29:44 Chain Mail Armor
28:51 Pikeman
29:48 Squires
30:21 Two-Handed Swordsman
30:52 Fletching
32:04 Blast Furnace
30:25 Capped Ram
31:09 Druzhina
31:30 Conscription
31:35 Siege Engineers
31:29 Halberdier
33:13 Onager
34:36 Siege Onager
Connection lost

Rejoining the realm…

Still unreachable

The connection could not be restored.

Session expired

The server has moved on; the page needs a fresh start.